Map: Cyber Forest LE

Players

eonblu

  • Race: Zerg Zerg
  • League: Grandmaster
  • Spawn Location: 5:00

HateMe - Winner!

  • Race: Zerg Zerg
  • League: Master
  • Spawn Location: 11:00

Event: HomeStory Cup XIX

VOD

Have the link to the VOD?

Description

Time

  • Played on: June 28, 2019, 7 a.m.
  • Length: 12:49

All games in this series

Show
View Real Time Build Order
Export as new Build Order

eonblu Zerg 

Build Orders: Hatch First 

Get SALT Encoding   

  12  0:00  Drone  
  13  0:12  Overlord  
  13  0:17  Drone  
  14  0:31  Drone x2  
  16  0:48  Hatchery  
  15  0:52  Drone  
  15  0:55  Drone  
  17  1:06  Extractor  
  17  1:10  Spawning Pool  
  15  1:15  Drone  
  15  1:17  Drone  
  17  1:22  Drone  
  18  1:29  Drone  
  19  1:57  Zergling x4  
  19  1:59  Queen  
  19  2:00  Zergling x4, Queen  
  27  2:12  Overlord  
  22  2:31  Drone x2  
  22  2:32  Overlord  
  22  2:34  Drone  
  25  2:55  Zergling x8  
  28  3:00  Zergling x2  
  29  3:07  Drone  
  29  3:08  Drone x2  
  31  3:14  Drone  
  31  3:15  Drone  
  31  3:18  Drone  
  32  3:20  Drone  
  32  3:39  Hatchery  
  31  3:42  Drone  
  31  3:46  Overlord  
  32  3:51  Drone  
  33  3:56  Drone x3  
  33  3:57  Evolution Chamber  
  33  3:58  Drone  
  36  4:04  Drone  
  36  4:06  Drone  
  36  4:07  Overlord  
  38  4:14  Drone  
  38  4:15  Drone x2  
  41  4:22  Zerg Missile Weapons Level 1  
  40  4:26  Roach Warren  
  40  4:27  Drone  
  40  4:31  Lair  
  40  4:34  Drone  
  41  4:38  Drone  
  41  4:39  Drone x2  
  41  4:42  Extractor  
  41  4:44  Drone  
  44  4:46  Extractor  
  44  4:49  Overlord  
  42  4:57  Drone  
  42  4:58  Drone x5  
  46  5:12  Queen  
  46  5:13  Drone x2  
  50  5:16  Overlord  
  50  5:22  Overlord  
  50  5:28  Glial Reconstitution  
  50  5:30  Roach x5  
  50  5:33  Roach  
  62  5:36  Overlord  
  62  5:37  Overseer  
  62  5:41  Roach  
  62  5:42  Roach  
  68  5:57  Roach x5  
  68  6:00  Overlord x2  
  68  6:03  Overlord  
  76  6:16  Roach x3  
  76  6:26  Roach x6  
  76  6:32  Roach  
  92  6:33  Roach x2  
  92  6:37  Overlord x2  
  92  6:52  Roach x6  
  96  6:58  Overlord x2  
  96  7:00  Roach  
  96  7:01  Roach  
  98  7:19  Roach x7  
  106  7:27  Drone x4  
  106  7:28  Drone, Extractor  
  106  7:29  Extractor  
  107  7:34  Drone x3  
  107  7:35  Drone x2  
  112  7:40  Drone  
  112  7:41  Drone  
  114  7:44  Drone x2  
  116  8:00  Zerg Missile Weapons Level 2  
  114  8:05  Roach  
  114  8:06  Roach x8  
  114  8:11  Extractor  
  125  8:14  Overlord x2  
  125  8:16  Roach x2  
  129  8:27  Ravager x2  
  130  8:29  Ravager  
  130  8:31  Roach x3  
  140  8:34  Roach x2  
  140  8:35  Roach  
  140  8:39  Overlord  
  140  8:40  Overlord x2  
  144  8:46  Nydus Network  
  139  8:58  Roach  
  139  8:59  Roach x6  
  153  9:03  Ravager  
  153  9:04  Overseer  
  153  9:09  Roach x4  
  162  9:16  Roach  
  162  9:17  Roach x2  
  168  9:32  Overlord x2  
  168  9:33  Nydus Canal  
  168  9:48  Nydus Canal  
  168  9:51  Overlord x3  
  168  10:01  Roach x2  
  168  10:04  Overlord x3  
  172  10:13  Roach  
  172  10:14  Roach x9  
  190  10:15  Roach  
  185  10:25  Nydus Canal  
  165  10:28  Roach  
  165  10:29  Roach x2  
  165  10:35  Drone, Ravager x2  
  160  10:36  Ravager x4  
  160  10:39  Nydus Canal  
  149  10:57  Roach x4  
  140  11:18  Roach x6  
  130  11:21  Nydus Canal  
  120  11:27  Nydus Canal  
  120  11:29  Roach  
  116  11:49  Roach x5  
  114  11:54  Nydus Canal  
  114  12:01  Roach x3  
  111  12:05  Roach  
  102  12:26  Roach Warren  
Show
View Real Time Build Order
Export as new Build Order

HateMe Zerg - Winner!

Build Orders: Pool First 

Get SALT Encoding   

  12  0:17  Spawning Pool  
  11  0:22  Drone  
  11  0:26  Drone  
  13  0:31  Drone  
  14  0:39  Overlord  
  14  1:03  Zergling x4, Queen  
  18  1:05  Zergling x2  
  19  1:15  Zergling x2  
  20  1:26  Zergling x2  
  21  1:33  Hatchery  
  21  1:37  Zergling x2  
  21  1:48  Overlord  
  21  1:58  Drone  
  22  2:06  Queen  
  24  2:11  Drone x2  
  24  2:13  Drone  
  27  2:16  Drone  
  27  2:22  Drone  
  27  2:34  Drone  
  28  2:44  Queen  
  28  2:45  Queen  
  32  2:57  Overlord  
  31  3:01  Drone x3  
  34  3:06  Drone  
  34  3:17  Evolution Chamber  
  34  3:19  Evolution Chamber  
  30  3:20  Roach Warren  
  29  3:33  Drone x3  
  34  3:43  Drone x4  
  34  3:48  Drone  
  39  3:50  Drone  
  39  3:54  Extractor  
  39  3:55  Extractor  
  36  3:56  Drone x4  
  36  3:59  Overlord  
  36  4:02  Drone  
  41  4:06  Drone x2  
  41  4:08  Drone  
  44  4:20  Drone x2  
  46  4:24  Drone  
  46  4:29  Drone x4  
  46  4:30  Extractor  
  50  4:31  Extractor  
  50  4:34  Drone x3  
  52  4:39  Zerg Missile Weapons Level 1  
  52  4:42  Overlord x2  
  52  5:00  Lair  
  52  5:04  Drone x2  
  54  5:07  Hatchery, Overlord  
  54  5:09  Roach x2  
  54  5:12  Overlord  
  57  5:14  Roach  
  57  5:17  Roach  
  61  5:23  Roach x2  
  61  5:26  Overlord  
  65  5:34  Roach  
  67  5:40  Roach x3  
  73  5:44  Overlord  
  73  5:47  Roach  
  75  5:57  Roach x4  
  83  5:59  Glial Reconstitution  
  83  6:06  Overlord x2  
  83  6:09  Overseer  
  83  6:11  Roach  
  85  6:16  Roach  
  85  6:17  Roach  
  89  6:24  Drone x5  
  94  6:34  Zerg Missile Weapons Level 2  
  94  6:38  Drone x6  
  100  6:43  Roach x2  
  96  6:50  Roach x3  
  94  6:55  Roach x2  
  94  6:57  Roach x3  
  100  7:01  Roach  
  100  7:03  Roach  
  100  7:06  Roach x2  
  100  7:08  Roach  
  108  7:13  Roach  
  108  7:14  Roach  
  106  7:16  Roach  
  105  7:23  Zerg Ground Armor Level 1  
  105  7:26  Roach x3  
  111  7:37  Drone x6  
  117  7:55  Roach  
  117  7:56  Roach, Overlord x2  
  117  7:57  Overlord  
  121  8:15  Overlord x2  
  121  8:17  Roach x9  
  139  8:28  Hydralisk Den  
  139  8:30  Roach x4  
  146  8:36  Roach x5  
  156  8:41  Overlord  
  156  8:43  Roach  
  156  8:44  Roach  
  160  8:52  Roach x4  
  158  9:05  Ravager  
  158  9:06  Ravager  
  158  9:07  Ravager x2  
  162  9:10  Roach  
  162  9:11  Roach x3  
  162  9:15  Overlord x2  
  170  9:23  Overlord x2  
  170  9:35  Roach x4  
  170  9:36  Overlord x3  
  178  9:43  Zerg Ground Armor Level 2  
  178  9:44  Ravager x2  
  180  9:46  Extractor  
  180  9:47  Drone x6, Extractor  
  180  9:48  Drone x3  
  187  9:56  Roach x3  
  182  10:07  Roach x4  
  182  10:13  Roach x2  
  190  10:24  Roach x3  
  192  10:30  Roach x2  
  196  10:38  Roach x2  
  198  10:45  Hatchery  
  195  10:53  Roach x3  
  195  11:03  Roach x2  
  199  11:07  Spawning Pool  
  184  11:18  Roach x8  
  184  11:19  Roach  
  184  11:24  Roach  
  190  11:33  Roach x3  
  196  11:41  Ravager x2  
  191  11:51  Roach x2  
  191  11:52  Roach x4  
  191  12:00  Roach x4  
  186  12:08  Roach  
  188  12:14  Hatchery  
  181  12:16  Roach x2  
  181  12:17  Roach  
  181  12:22  Ravager x2  
  185  12:31  Extractor  
Tags
 
Add a new tag
Caveats
  • Supply blocks, unpowered buildings, or Contaminate may cause inaccurate times.
  • Supply counts are checked every 10 seconds.